 Dungeon Crawl Stone Soup version 0.30.1-9-gdf580d7c3d (webtiles) character file.

Game seed: 7347094821955900787

736 LordWeiramon the Grappler (level 7, -4/56 HPs)
             Began as a Ghoul Warper on Sept 27, 2023.
             Was an Initiate of Cheibriados.
             Slain by a two-headed ogre
             ... wielding a +0 giant club
              (10 damage)
             ... on level 5 of the Dungeon.
             The game lasted 00:17:51 (4057 turns).

LordWeiramon the Grappler (Ghoul Warper)            Turns: 4057, Time: 00:17:52

Health: -4/56      AC:  6    Str: 16    XL:     7   Next: 74%
Magic:  0/8        EV: 10    Int:  9    God:    Cheibriados [......]
Gold:   186        SH:  8    Dex: 11    Spells: 9/9 levels left

rFire   . .          .
                       - Unarmed
rCold   + . .        (no shield)
rNeg    + + +        e - +0 ring mail
rPois   ∞            (no helmet)
rElec   .            p - +0 cloak
rCorr   +            (no gloves)
SInv    +            (no boots)
Will    .....        o - brooch of Shielding {Spirit SH+8}
Stlth   +            v - ring of see invisible
HPRegen 0.00/turn    u - ring of resist corrosion
MPRegen 0.11/turn

%: guardian spirit
@: inhibited regen, very slow
A: claws 1, cold resistance 1, negative energy resistance 3, inhibited
regeneration, torment resistance 2, devour on kill
a: Renounce Religion


You were on level 5 of the Dungeon.
You worshipped Cheibriados.
Cheibriados was noncommittal.
You visited 2 branches of the dungeon, and saw 6 of its levels.

You collected 186 gold pieces.

Inventory:

Missiles
 d - a boomerang of dispersal (quivered)
 t - 15 poisoned darts
Armour
 e - a +0 ring mail (worn)
 p - a +0 cloak (worn)
Jewellery
 i - a ring of flight
 o - the brooch of Shielding (around neck) {Spirit SH+8}
   (You found it on level 3 of the Dungeon)

   [amulet of guardian spirit]

   It causes incoming damage to be divided between your reserves of health and
   magic.
   SH:        It affects your SH (+8).
 u - a ring of resist corrosion (right claw)
 v - a ring of see invisible (left claw)
Scrolls
 a - 2 scrolls of amnesia {unknown}
 c - a scroll of blinking
 f - a scroll of vulnerability {unknown}
 h - a scroll of teleportation {unknown}
 l - a scroll of fear {unknown}
 r - a scroll of silence {unknown}
Potions
 b - 2 potions of curing
 g - a potion of flight {unknown}
 m - a potion of might {unknown}
 n - 2 potions of degeneration {unknown}
 q - 5 potions of lignification {unknown}
 s - a potion of brilliance {unknown}


   Skills:
 + Level 2.3 Fighting
 - Level 1.7 Polearms
 - Level 0.8 Throwing
 - Level 0.8 Armour
 - Level 1.7 Dodging
 - Level 9.0 Unarmed Combat
 - Level 1.7 Spellcasting
 - Level 2.6 Translocations


You had 9 spell levels left.
You didn't know any spells.
Your spell library contained the following spells:

 Spells                   Type           Power      Damage    Failure   Level
 Blink                    Tloc           10%        N/A       32%         2
 Lesser Beckoning         Tloc           10%        N/A       32%         2
 Sting                    Tmut/Pois      0%         1d3       54%         1
 Teleport Other           Tloc           5%         N/A       54%         3
 Ensorcelled Hibernation  Hex/Ice        0%         N/A       69%         2
 Passwall                 Tmut/Erth      0%         N/A       69%         2
 Poisonous Vapours        Pois/Air       0%         N/A       69%         2
 Vhi's Electric Charge    Tloc/Air       6%         N/A       75%         3
 Swiftness                Air            0%         N/A       89%         3
 Manifold Assault         Tloc           5%         N/A       91%         4
 Olgreb's Toxic Radiance  Pois           0%         N/A       100%        4
 Arcjolt                  Conj/Air       0%         1d10      100%        5
 Plasma Beam              Fire/Air       0%         2x1d11    100%        6


Dungeon Overview and Level Annotations

Branches:
Dungeon (5/15)             Temple (1/1) D:4

Altars:
Ashenzari
Cheibriados
Dithmenos
Fedhas
Hepliaklqana
Kikubaaqudgha
Makhleb
Nemelex Xobeh
Okawaru
Ru
Trog
Vehumet
Wu Jian
Yredelemnul

Shops:
D:4 (


Innate Abilities, Weirdness & Mutations

You are immune to poison.
You have sharp fingernails.
Your flesh is cold resistant. (rC+)
You are immune to negative energy. (rN+++)
You do not regenerate when monsters are visible.
You are immune to unholy pain and torment.
You thrive by killing the living.


Message History

Unknown command.
Unknown command.
You scratch the two-headed ogre.
The two-headed ogre is severely wounded.
You block the two-headed ogre's attack. The two-headed ogre barely misses you.
Unknown command.
Unknown command.
You scratch the two-headed ogre.
The two-headed ogre is severely wounded.
The two-headed ogre hits you with a +0 giant club!
You block the two-headed ogre's attack.
Unknown command.
Unknown command.
You barely miss the two-headed ogre.
The two-headed ogre is severely wounded.
Unknown command.
You feel much better.
The two-headed ogre looks more healthy.
You block the two-headed ogre's attack.
The two-headed ogre hits you with a +0 giant club.
You barely miss the two-headed ogre.
The two-headed ogre is severely wounded.
You claw the two-headed ogre!
The two-headed ogre is almost dead.
The two-headed ogre hits you with a +0 giant club!!
Ouch! That really hurt!
* * * LOW HITPOINT WARNING * * *
You block the two-headed ogre's attack.
You scratch the two-headed ogre but do no damage.
You claw the two-headed ogre.
The two-headed ogre is almost dead.
The two-headed ogre hits you with a +0 giant club!
* * * LOW HITPOINT WARNING * * *
The two-headed ogre closely misses you.
You barely miss the two-headed ogre.
The two-headed ogre is almost dead.
You barely miss the two-headed ogre.
The two-headed ogre is almost dead.
You block the two-headed ogre's attack.
The two-headed ogre hits you with a +0 giant club!
You die...

#.......# ###..
#####....#..# #....
#......#..#.# #.#..
#...........# #.#..
####..##.##.##.######.###
#.....##.##.##.##.....#
...............##.#####
......##.#..##....# #...#
#@........##
#.....sO.....#####
##..#(##.##..# #. #.##.##
.. .....# ## #..... ..##
..##


You could see a two-headed ogre and a scorpion.

Vanquished Creatures
  Sigmund (D:4)
  An ice beast (D:5)
  A black bear (D:4)
  A howler monkey (D:5)
  A gnoll bouda (D:4)
  A hound (D:4)
  An iguana (D:5)
  4 orc wizards
  A gnoll (D:5)
  6 adders
  A shadow imp (D:3)
  A white imp (D:5)
  3 worms
  9 orcs
  5 ball pythons
  5 endoplasms
  10 goblins
  8 hobgoblins
  A quokka (D:4)
  7 bats
  5 frilled lizards
  7 kobolds
  5 rats
85 creatures vanquished.

Notes
Turn   | Place    | Note
-------+----------+-------------------------------------------
     0 | D:1      | LordWeiramon the Ghoul Warper began the quest for the Orb.
     0 | D:1      | Reached XP level 1. HP: 17/17 MP: 2/2
    60 | D:1      | Reached skill level 1 in Unarmed Combat
   122 | D:1      | Reached XP level 2. HP: 24/24 MP: 3/3
   247 | D:1      | Reached skill level 2 in Unarmed Combat
   536 | D:1      | Reached XP level 3. HP: 28/29 MP: 4/4
  1122 | D:2      | Reached skill level 3 in Unarmed Combat
  1452 | D:2      | Found an ornate altar of the Wu Jian Council.
  1625 | D:2      | Found a faded altar of an unknown god.
  1673 | D:3      | Found the brooch of Shielding {Spirit SH+8}
  1780 | D:3      | Reached skill level 4 in Unarmed Combat
  1780 | D:3      | Reached XP level 4. HP: 31/36 MP: 3/5
  2251 | D:4      | Noticed a black bear
  2286 | D:3      | Reached XP level 5. HP: 41/41 MP: 6/6
  2426 | D:4      | Reached skill level 5 in Unarmed Combat
  3062 | D:4      | Found a staircase to the Ecumenical Temple.
  3071 | Temple   | Entered the Ecumenical Temple
  3165 | Temple   | Became a worshipper of Cheibriados the Contemplative
  3247 | D:5      | Entered Level 5 of the Dungeon
  3336 | D:5      | Noticed an ice beast
  3353 | D:5      | Reached skill level 6 in Unarmed Combat
  3353 | D:5      | Reached XP level 6. HP: 48/48 MP: 7/7
  3383 | D:5      | Killed an ice beast
  3384 | D:5      | Reached skill level 7 in Unarmed Combat
  3487 | D:4      | Killed a black bear
  3488 | D:4      | Reached XP level 7. HP: 45/55 MP: 8/8
  3596 | D:4      | Found Upnepeh's Antique Weapon Emporium.
  3677 | D:4      | Noticed Sigmund
  3690 | D:4      | Killed Sigmund
  3691 | D:4      | Reached skill level 8 in Unarmed Combat
  3824 | D:5      | Noticed a two-headed ogre
  3840 | D:5      | Reached skill level 9 in Unarmed Combat
  4057 | D:5      | Slain by a two-headed ogre

Illustrated notes

Levels and vault maps discovered:
D:1:      roderic_crop_circles_arrival_small, layout_basic
D:2:      layout_rooms, basic_altar, hellmonk_ecumenical_altar_zigzags,
          kennysheep_generic_room_8
D:3:      layout_rooms, serial_bayou_pond_d
D:4:      layout_basic, serial_shops, nicolae_shop_behind_doors, uniq_sigmund
D:5:      layout_rooms, st_stairs_6, hangedman_abyss_or_decor_lesser_grid,
          minmay_manual_monstrance
Temple:   lightli_temple_of_artemis

Skill      XL: |  1  2  3  4  5  6  7 |
---------------+----------------------+-----
Unarmed Combat | 1 2 4 6 7 9 |  9.0
Fighting       | |  2.3
Polearms       | |  1.7
Throwing       | |  0.8
Armour         | |  0.8
Dodging        | |  1.7
Spellcasting   | |  1.7
Translocations | |  2.6

Action                     |  1- 3 |  4- 6 |  7- 9 || total
---------------------------+-------+-------+-------++-------
  Melee: Spear             |    24 |       |       ||    24
         Unarmed           |   145 |   146 |    63 ||   354
         Punch             |     3 |     4 |     3 ||    10
  Throw: Dart              |       |    14 |     2 ||    16
         Boomerang         |       |     3 |     3 ||     6
    Use: Scroll            |       |     4 |       ||     4
         Potion            |       |     1 |     2 ||     3
 Armour: Ring mail         |    53 |    39 |     5 ||    97
         Leather armour    |     1 |       |       ||     1
  Dodge: Dodged            |    86 |    39 |    22 ||   147
  Block: Other             |     2 |    33 |    24 ||    59
